Arena
510329255Analyzed4v4 RM
·
21h ago on Sep 30, 2026·
54m 29s·
8 players
Game mode
Random Map
Map size
Large (8 player)
Population
200
Speed
Normal
Resources
Standard
Victory
Conquest
Starting age
Dark Age
Ending age
Imperial Age
RankedLock teamsTeams togetherTeam positionsShared explorationLock speedFull tech treeHidden civsTurbo modeCheats
Victory
Defeat
Replay analysis
w.tataieee
0:49
Loom
10:20
Feudal Age
18:15
Castle Age
16:49
Horse Collar
23:31
Wheelbarrow
23:14
Double-Bit Axe
23:31
Heavy Plow
29:39
Imperial Age
27:30
Fervor
27:36
Husbandry
29:25
Gold Mining
30:01
Cavalier
31:22
Hand Cart
31:51
Gold Shaft Mining
32:17
Scale Barding Armor
32:23
Forging
36:50
Crossbowman
37:45
Padded Archer Armor
37:35
Fletching
38:20
Iron Casting
38:06
Chain Barding Armor
38:40
Caravan
38:27
Arbalester
39:33
Ballistics
40:15
Chemistry
42:53
Onager
44:31
Leather Archer Armor
44:11
Bodkin Arrow
44:17
Scale Mail Armor
48:04
Light Cavalry
Puzotron
12:46
Feudal Age
14:31
Horse Collar
18:38
Castle Age
16:26
Double-Bit Axe
23:33
Imperial Age
21:28
Bow Saw
22:13
Gold Mining
22:56
Ballistics
22:34
Fletching
23:09
Stone Mining
23:26
Padded Archer Armor
23:28
Bodkin Arrow
25:16
Chemistry
24:46
Heavy Plow
28:06
Loom
28:56
Bracer
29:11
Leather Archer Armor
31:05
Thumb Ring
31:32
Ring Archer Armor
33:32
Wheelbarrow
35:35
Elite Genoese Crossbowman
39:07
Treadmill Crane
39:22
Murder Holes
39:38
Masonry
49:36
Conscription
RoPeTT
11:22
Feudal Age
15:07
Castle Age
13:26
Double-Bit Axe
13:49
Loom
14:14
Horse Collar
21:13
Bow Saw
26:56
Fletching
28:46
Wheelbarrow
28:31
Fortified Wall
34:46
Squires
38:17
Town Watch
39:26
Murder Holes
39:12
Treadmill Crane
39:56
Scale Mail Armor
40:07
Forging
44:32
Imperial Age
46:24
Capped Ram
47:22
Masonry
48:19
Chemistry
49:31
Heavy Plow
52:12
Siege Ram
WAnds | danila90r
11:04
Feudal Age
14:40
Castle Age
12:58
Double-Bit Axe
15:44
Wheelbarrow
16:33
Bow Saw
24:33
Gold Mining
27:41
Imperial Age
25:58
Scale Barding Armor
26:04
Forging
26:46
Husbandry
27:28
Chain Barding Armor
27:45
Cavalier
29:04
Plate Barding Armor
28:52
Chivalry
29:30
Hand Cart
31:12
Iron Casting
33:34
Blast Furnace
35:53
Gold Shaft Mining
35:30
Paladin
41:38
Capped Ram
42:06
Light Cavalry
44:58
Loom
45:00
Town Watch
47:41
Coinage
NEH
11:03
Feudal Age
15:02
Castle Age
13:01
Double-Bit Axe
15:55
Bow Saw
16:09
Fletching
16:11
Horse Collar
19:52
Bodkin Arrow
26:07
Eupseong
29:10
Wheelbarrow
32:57
Hand Cart
33:55
Ballistics
33:28
Treadmill Crane
33:45
Town Watch
33:46
Loom
38:56
Imperial Age
38:57
Husbandry
40:22
Conscription
40:06
Elite War Wagon
41:30
Bracer
44:13
Heavy Plow
46:29
Murder Holes
48:05
Chemistry
48:25
Stone Mining
49:15
Arrowslits
52:17
Squires
52:19
Scale Mail Armor
52:29
Forging
52:12
Elite Fire Lancer
53:20
Chain Mail Armor
53:20
Gold Mining
54:07
Stone Shaft Mining
苹果砸死牛顿
10:24
Feudal Age
14:14
Castle Age
12:22
Double-Bit Axe
12:48
Horse Collar
15:09
Bow Saw
16:48
Heavy Plow
20:20
Loom
21:13
Wheelbarrow
20:51
Stone Mining
22:46
Gold Mining
25:08
Gold Shaft Mining
24:59
Hand Cart
24:31
Town Watch
29:51
Imperial Age
28:59
Husbandry
29:10
Bloodlines
28:51
Fletching
29:02
Padded Archer Armor
29:24
Ballistics
30:38
Thumb Ring
31:08
Elite Steppe Lancer
32:00
Forging
31:56
Scale Barding Armor
33:21
Iron Casting
34:59
Chain Barding Armor
ZAGOR
2:48
Loom
11:35
Feudal Age
15:15
Castle Age
13:14
Double-Bit Axe
13:17
Horse Collar
16:35
Bow Saw
20:16
Wheelbarrow
20:26
Heavy Plow
20:54
Town Watch
21:57
Stone Mining
22:55
Hand Cart
23:56
Stone Shaft Mining
27:15
Imperial Age
25:08
Gold Mining
25:39
Town Patrol
25:31
Fletching
26:19
Scale Barding Armor
26:24
Forging
26:10
Bodkin Arrow
27:17
Murder Holes
27:36
Masonry
27:52
Chain Barding Armor
27:36
Husbandry
28:08
Bloodlines
29:12
Iron Casting
28:26
Light Cavalry
28:52
Heavy Scorpion
29:57
Conscription
30:29
Crop Rotation
31:17
Gold Shaft Mining
31:04
Double Crossbow
31:19
Bracer
32:16
Plate Barding Armor
32:41
Blast Furnace
32:56
Hoardings
33:38
Blast Furnace
33:25
Ballistics
34:28
Chemistry
34:01
Architecture
34:06
Siege Engineers
34:47
Hussar
44:28
Elite Battle Elephant
52:32
Tusk Swords
cuilao8123
10:14
Feudal Age
10:34
Horse Collar
10:40
Double-Bit Axe
17:02
Castle Age
16:10
Gold Mining
16:13
Stone Mining
17:06
Wheelbarrow
18:00
Bow Saw
19:20
Hand Cart
19:52
Stone Shaft Mining
20:14
Fervor
20:13
Heavy Plow
30:28
Imperial Age
27:43
Loom
29:28
Ballistics
29:19
Masonry
29:21
Fortified Wall
29:58
Town Watch
32:28
Chemistry
30:51
Heavy Scorpion
31:53
Conscription
32:30
Furor Celtica
33:12
Siege Engineers
33:47
Scale Mail Armor
33:57
Forging
33:24
Pikeman
33:49
Gambesons
34:25
Forging
34:11
Halberdier
34:37
Arson
35:58
Chain Mail Armor
36:19
Iron Casting
37:18
Plate Mail Armor
38:46
Blast Furnace
39:04
Hoardings
38:58
Capped Ram
42:15
Guilds
42:41
Fortified Wall
45:25
Siege Ram
46:30
Elite Woad Raider
48:51
Siege Ram